AoeStats
← Michi3052

Arena

508263499Analyzed
1v1 RM · 11d ago on Sep 21, 2026· 16m 12s· 2 players
Game mode
Random Map
Map size
Tiny (2 player)
Population
200
Speed
Normal
Resources
Standard
Victory
Conquest
Starting age
Dark Age
Ending age
Imperial Age
RankedLock teamsTeams togetherTeam positionsShared explorationLock speedFull tech treeHidden civsTurbo modeCheats
Victory
Defeat
🇧🇷 Bengalis · Brazil
681
+17
🇪🇸 Cumans · Spain
702
-17
Tomate
11:03 Feudal Age
9:20 Loom
11:52 Double-Bit Axe
11:51 Horse Collar
11:59 Man-at-Arms
14:06 Scale Mail Armor
Michi3052
11:26 Feudal Age
11:47 Man-at-Arms
15:50 Double-Bit Axe
Connection lost

Rejoining the realm…

Still unreachable

The connection could not be restored.

Session expired

The server has moved on; the page needs a fresh start.